 Dungeon Crawl Stone Soup version 0.17-a0-1570-g74b7129 (webtiles) character file.

107 urechis the Ruffian (level 4, 0/45 HPs)
             Began as a Troll Monk on July 23, 2015.
             Slain by abixa's ghost (8 damage)
             ... on level 3 of the Dungeon.
             The game lasted 00:03:11 (1639 turns).

urechis the Ruffian (Troll Monk)                    Turns: 1639, Time: 00:03:11

Health: 0/45       AC:  5    Str: 20    XL:     4   Next: 56%
Magic:  3/3        EV: 10    Int:  6    God:
Gold:   115        SH:  0    Dex: 12    Spells: 0 memorised, 3 levels left

rFire  . . .     SeeInvis .       - Unarmed
rCold  . . .     Clarity  .     a - +0 robe
rNeg   . . .     SustAt   .     (no shield)
rPois  .         Gourm    +     (helmet restricted)
rElec  .         Spirit   .     (no cloak)
rCorr  .         Warding  .     (gloves unavailable)
rMut   .         Stasis   .     (boots unavailable)
MR     .....                    (no amulet)
Stlth  +.........               (no ring)
                                (no ring)

@: not resistant to hostile enchantments, very unstealthy
A: unfitting armour, claws 3, fast metabolism 3, gourmand, regeneration 2,
shaggy fur 1, tough skin 2
a: no special abilities


You were on level 3 of the Dungeon.
You were very full.

You visited 1 branch of the dungeon, and saw 3 of its levels.

You collected 115 gold pieces.

Inventory:

Missiles
 o - 11 poisoned needles
Armour
 a - a +0 robe (worn)
Scrolls
 d - 2 scrolls of remove curse
 e - 3 scrolls of identify
 f - a scroll of immolation {unknown}
 i - a scroll of amnesia {unknown}
 k - a scroll of magic mapping {unknown}
 n - a scroll of enchant armour {unknown}
Potions
 g - a potion of heal wounds {unknown}
 j - a potion of agility {unknown}
 l - a potion of brilliance {unknown}
 m - a potion of curing {unknown}
 p - 2 potions of haste {unknown}
Comestibles
 b - 5 bread rations
 c - a royal jelly
 h - a meat ration


   Skills:
 + Level 3.2 Fighting
 - Level 2.4 Dodging
 - Level 1.1 Stealth
 * Level 5.4 Unarmed Combat


You had 3 spell levels left.
You didn't know any spells.

Dungeon Overview and Level Annotations

Branches:
Dungeon (3/15)

Altars:
Nemelex Xobeh

Annotations:
D:3 abixa's ghost, average MiGl


Innate Abilities, Weirdness & Mutations

You are too large for most types of armour.
You have claws for hands.
Your metabolism is lightning-fast.
You like to eat raw meat.
You heal very quickly.
You are covered in fur (AC +1).
You have very tough skin (AC +2).


Message History

Abixa's ghost is moderately damaged.
Abixa's ghost mumbles, "They all look like pillowcases to me..."
Abixa's ghost hits you!
You scratch abixa's ghost but do no damage.
Abixa's ghost is moderately damaged.
Abixa's ghost closely misses you.
You scratch abixa's ghost.
Abixa's ghost is moderately damaged.
Abixa's ghost hits you!
You claw abixa's ghost!
Abixa's ghost is almost destroyed.
Abixa's ghost hits you.
You completely miss abixa's ghost.
Abixa's ghost is almost destroyed.
Abixa's ghost hits you!
* * * LOW HITPOINT WARNING * * *
You scratch abixa's ghost.
Abixa's ghost is almost destroyed.
Abixa's ghost hits you!
You die...

....###.#.###..#..=# #
... #..........#...#.#
....#........##.####.#
.............#)#.รท...##.
....###....##.##.........
... #....#.#.......##..
##.......##.##..s....#
.......#.#...#W##..#
.......###...#@# ..#
......................
......#.......###.####
..#####.......# # ..
#........ #........#
....... .......


You could see abixa's ghost and a giant cockroach.

Vanquished Creatures
  6 adders
  2 worms (D:2)
  A giant gecko (D:1)
  A ball python (D:1)
  4 giant cockroaches
  7 goblins
  6 hobgoblins
  2 quokkas
  9 bats
  4 kobolds
  5 rats
47 creatures vanquished.

Notes
Turn   | Place    | Note
--------------------------------------------------------------
     0 | D:1      | urechis the Troll Monk began the quest for the Orb.
     0 | D:1      | Reached XP level 1. HP: 22/22 MP: 0/0
   175 | D:1      | Reached XP level 2. HP: 29/29 MP: 1/1
   699 | D:2      | Reached XP level 3. HP: 23/36 MP: 2/2
   939 | D:2      | Reached skill level 5 in Unarmed Combat
   983 | D:2      | Found a sparkling altar of Nemelex Xobeh.
  1187 | D:2      | Reached XP level 4. HP: 45/45 MP: 3/3
  1595 | D:3      | Noticed abixa's ghost (average MiGl)
  1639 | D:3      | Slain by abixa's ghost

Vault maps used:
D:1:      lightli_molten_gateway, serial_bayou_lagoon_b
D:2:      first_bread, nemelex_lonely_heart_becter
D:3:      minmay_vboxes, uniq_crazy_yiuf_cottage

Action                   |  1- 3 |  4- 6 || total
-------------------------+-------+-------++-------
Melee: Unarmed           |    93 |    37 ||   130
  Use: Scroll            |       |     2 ||     2
 Stab: Sleeping          |     1 |       ||     1
  Eat: Chunk             |    10 |     9 ||    19
